 Dungeon Crawl Stone Soup version 0.21-a0-279-g6037ffb (webtiles) character file.

44 mhoghedin the Stinger (level 3, 26/26 HPs)
             Began as a Draconian Venom Mage on Sept 23, 2017.
             Quit the game on level 2 of the Dungeon.
             The game lasted 00:03:03 (1168 turns).

mhoghedin the Stinger (Draconian Venom Mage)        Turns: 1168, Time: 00:03:03

Health: 26/26      AC:  5    Str: 10    XL:     3   Next: 39%
Magic:  6/6        EV: 12    Int: 16    God:
Gold:   88         SH:  0    Dex: 11    Spells: 3/6 levels left

rFire    . . .     SeeInvis .   n - +0 dagger (curse)
rCold    . . .     Gourm    .   (no shield)
rNeg     . . .     Faith    .   (armour unavailable)
rPois    .         Spirit   .   (helmet restricted)
rElec    .         Reflect  .   (no cloak)
rCorr    .         Harm     .   (no gloves)
MR       .....                  (no boots)
Stlth    ++........             (no amulet)
HPRegen  0.08/turn              l - ring of flight {+Fly, !d}
MPRegen  0.10/turn              (no ring)

@: no status effects
A: unfitting armour, cold-blooded, AC +5
a: Evoke Flight


You were on level 2 of the Dungeon.
You were not hungry.

You visited 1 branch of the dungeon, and saw 2 of its levels.

You collected 88 gold pieces.

Inventory:

Hand Weapons
 d - a +0 dagger
   (You found it on level 1 of the Dungeon)
 n - a cursed +0 dagger (weapon)
   (You found it on level 1 of the Dungeon)
Missiles
 c - 6 tomahawks (quivered)
Jewellery
 l - a ring of flight (left hand) {+Fly, !d}
   (You found it on level 1 of the Dungeon)
Scrolls
 e - 3 scrolls of identify {unknown}
 g - a scroll of blinking {unknown}
 i - 2 scrolls of amnesia {unknown}
 k - 2 scrolls of recharging {unknown}
 m - 2 scrolls of immolation {unknown}
Potions
 f - a potion of cancellation {unknown}
 o - a potion of might {unknown}
 p - a potion of brilliance {unknown}
Books
 a - a Young Poisoner's Handbook
Comestibles
 b - 2 bread rations {@e1}
 h - 3 chunks of flesh {@w0}
 j - 4 fruits


   Skills:
 - Level 1.8 Dodging
 - Level 2.0 Stealth
 - Level 2.0 Spellcasting
 - Level 1.0 Conjurations
 + Level 0.2 Air Magic
 + Level 4.2 Poison Magic


You had 3 spell levels left.
You knew the following spells:

 Your Spells              Type           Power        Failure   Level  Hunger
a - Sting                 Conj/Pois      ##..         7%          1    #......
b - Poisonous Vapours     Pois/Air       #.....       13%         2    ###....


Dungeon Overview and Level Annotations

Branches:
Dungeon (2/15)

Altars:


Innate Abilities, Weirdness & Mutations

Your plain brown scales are hard. (AC +5)
You cannot fit into any form of body armour.
You are cold-blooded and may be slowed by cold attacks.


Message History

You closely miss the kobold. The kobold closely misses you.
You hit the kobold.
Your tail-slap misses the kobold.
The kobold closely misses you.
You hit the kobold.
You kill the kobold!
No target in view!
No target in view!
An adder comes into view.
The adder hisses angrily.
An adder is nearby!
An adder is nearby!
You hit the adder but do no damage. The adder closely misses you.
The adder bites you but does no damage.
Aim: an adder The sting hits the adder.
The adder appears unharmed.
The adder closely misses you.
You now have 5/6 mp.
Aim: an adder The sting hits the adder.
The adder is poisoned.
The adder closely misses you.
You now have 4/6 mp.
Aim: an adder (lightly wounded, poisoned)
You miscast Poisonous Vapours.
You are very lightly contaminated with residual magic.
You feel odd. The adder bites you but does no damage.
You now have 2/6 mp.
You miss the adder. You tail-slap the adder. The adder barely misses you.
The adder bites you.
You take 3 damage, and have 22/26 hp.
You hit the adder but do no damage. The adder completely misses you.
You closely miss the adder. The adder closely misses you.
Aim: an adder (severely wounded, poisoned) Poisonous vapours surround the adder!
The adder is engulfed in poison gas.
The adder looks even sicker.
The adder barely misses you.
The adder is engulfed in poison gas.
The adder looks even sicker.
You kill the adder!
You now have 0/6 mp.
You see here an adder corpse.
You butcher the adder corpse.
h - a chunk of flesh {@w0} You start resting.
Your magical contamination has completely faded away.
You start resting.
Health restored: 26; MP restored: 6 Unknown command.
A dart slug comes into view.
A dart slug is nearby!
A dart slug is nearby!
A frilled lizard and a goblin come into view.
The frilled lizard hisses angrily.
The goblin shouts!
You completely miss the frilled lizard. You hit the frilled lizard.
You kill the frilled lizard!
You hit the dart slug. The goblin hits you with a club.
The dart slug barely misses you.
You take 5 damage, and have 21/26 hp.
You hit the dart slug but do no damage. The goblin closely misses you.
You barely miss the dart slug. The dart slug closely misses you.
The goblin hits you but does no damage.
You hit the dart slug but do no damage. The dart slug closely misses you.
The goblin barely misses you.
You hit the dart slug. The dart slug closely misses you.
You hit the dart slug but do no damage. The goblin closely misses you.
You hit the dart slug. The goblin completely misses you.
The dart slug closely misses you.
You hit the dart slug.
You kill the dart slug!
The goblin hits you but does no damage.
You barely miss the goblin. You tail-slap the goblin.
The goblin hits you but does no damage.
You hit the goblin.
You kill the goblin!
No target in view!
No target in view!
No target in view!
No target in view!
No target in view!
Unknown command.
You see here a dart slug corpse.
You butcher the dart slug corpse.
h - 3 chunks of flesh {@w0} (gained 2)
Things that are here:
a club; a goblin corpse You now have 77 gold pieces (gained 11).
You see here 14 stones.
You now have 88 gold pieces (gained 11).
Things that are here:
a club; a goblin corpse You see here 20 stones.
A rat comes into view.
Health restored: 26 A rat is nearby!
A rat is nearby!
You can't see any susceptible monsters within range! (Use Z to cast anyway.) Unknown command.
You can't see any susceptible monsters within range! (Use Z to cast anyway.) Unknown command.
You can't see any susceptible monsters within range! (Use Z to cast anyway.) Unknown command.
Unknown command.
Unknown command.

♣..♣♣ ♣.♣ #.#
♣♣..♣ ♣.♣ #.#
♣..♣♣ ♣.♣♣ #.#
♣..♣ ♣..♣ #.#
♣♣.♣♣ ♣♣.♣ #.#
♣..♣ ♣♣.♣ #.#
♣♣..♣ ♣..♣ #.#
♣..♣♣ ♣.♣♣ #.#
...♣ ♣♣.♣ #@#
.♣♣♣ ♣.♣♣ #.##
### ♣♣ ♣.♣♣ #..#
..# ♣..♣ #..# #.#
♣♣(♣ #..# #.#
♣.♣♣ #..#
#.###### ♣..♣
#..##...##.....<#
♣♣.♣
#..##...##.######
♣.♣ #..#8...⌠#.#


There were no monsters in sight!

Vanquished Creatures
  An adder (D:2)
  2 dart slugs
  2 bats (D:1)
  3 giant cockroaches (D:1)
  3 hobgoblins
  4 frilled lizards
  9 goblins
  2 kobolds
  3 rats (D:1)
29 creatures vanquished.

Notes
Turn   | Place    | Note
-------+----------+-------------------------------------------
     0 | D:1      | mhoghedin the Draconian Venom Mage began the quest for the Orb.
     0 | D:1      | Reached XP level 1. HP: 14/14 MP: 3/3
    57 | D:1      | Reached skill level 2 in Stealth
   427 | D:1      | Reached XP level 2. HP: 18/20 MP: 1/5
   960 | D:2      | Reached skill level 4 in Poison Magic
   960 | D:2      | Reached XP level 3. HP: 21/26 MP: 6/6
   964 | D:2      | Learned a level 2 spell: Poisonous Vapours
  1168 | D:2      | Quit the game

Vault maps used:
D:1:      dpeg_arrival_more_subterranean_lakeside_camping, minmay_tall_x
D:2:      kb_forest_paths, lemuel_coloured_pillars_altar, first_bread,
          serial_corexii_hall, corexii_hall_statues_i, corexii_hall_statues_u,
          uniq_crazy_yiuf_cottage, uniq_sigmund

Skill      XL: |  1  2 |
---------------+-------+-----
Stealth        | 2 |  2.0
Poison Magic   | 4 |  4.2
Dodging        | |  1.8
Spellcasting   | |  2.0
Conjurations   | |  1.0
Air Magic      | |  0.2

Action                   || total
-------------------------++-------
Melee: Dagger            ||   101
       Unarmed           ||     3
       Tailslap          ||     6
 Cast: Sting             ||    14
       Poisonous Vapours ||     1
 Stab: Sleeping          ||     2
  Eat: Chunk             ||     1
Armor: Skin              ||    36
Dodge: Dodged            ||   108

Table legend:
 A = Spawn XP
 B = Non-spawn XP
 C = Spawn XP percentage of total XP
 D = Spawn monster count
 E = Non-spawn monster count
 F = Spawn count percentage of total count
 G = Total turns spent on level
                    A         B        C        D         E        F      G
               +---------+---------+-------+---------+---------+-------+---------
         Total |       0 |      63 |   0.0 |       0 |      29 |   0.0 |  1168
               +---------+---------+-------+---------+---------+-------+---------
           D:1 |       0 |      35 |   0.0 |       0 |      21 |   0.0 |   897
           D:2 |       0 |      28 |   0.0 |       0 |       8 |   0.0 |   271
               +---------+---------+-------+---------+---------+-------+---------

Vault maps used:
D:1:      dpeg_arrival_more_subterranean_lakeside_camping, minmay_tall_x
D:2:      kb_forest_paths, lemuel_coloured_pillars_altar, first_bread,
          serial_corexii_hall, corexii_hall_statues_i, corexii_hall_statues_u,
          uniq_crazy_yiuf_cottage, uniq_sigmund

Table legend:
 A = Turns spent in this place as a percentage of turns spent in the entire game.
 B = Non-inter-level travel turns spent in this place as a percentage of non-inter-level travel turns spent in the entire game.
 C = Inter-level travel turns spent in this place as a percentage of turns spent in this place.
 D = Turns resting spent in this place as a percentage of non-inter-level travel turns spent in this place.
 E = Turns spent auto-exploring this place as a percentage of non-inter-level travel turns spent in this place.
 F = Non-inter-level travel turns spent in this place divided by the number of levels of this place that you've seen.
                   A       B       C       D       E      F
               +-------+-------+-------+-------+-------+----------------------
         Total | 100.0 | 100.0 |   3.5 |  24.2 |  52.3 | 563.5
       Dungeon | 100.0 | 100.0 |   3.5 |  24.2 |  52.3 | 563.5
               +-------+-------+-------+-------+-------+----------------------

Table legend:
 A = Kills in this place as a percentage of kills in entire the game.
 B = Kills by you in this place as a percentage of kills by you in the entire game.
 C = Kills by friends in this place as a percentage of kills by friends in the entire game.
 D = Other kills in this place as a percentage of other kills in the entire game.
 E = Experience gained in this place as a percentage of experience gained in the entire game.
 F = Experience gained in this place divided by the number of levels of this place that you have seen.
                   A       B       C       D       E      F
               +-------+-------+-------+-------+-------+----------------------
         Total | 100.0 | 100.0 |   N/A |   N/A | 100.0 |  31.5
       Dungeon | 100.0 | 100.0 |   N/A |   N/A | 100.0 |  31.5
               +-------+-------+-------+-------+-------+----------------------
